 Dungeon Crawl Stone Soup version 0.21.1-1-g345015f (webtiles) character file.

3611 Fang the Cleaver (level 10, 0/64 HPs)
             Began as a Gargoyle Berserker on May 17, 2018.
             Was an Elder of Trog.
             Slain by an orc warrior
             ... wielding a +0 war axe
              (13 damage)
             ... on level 8 of the Dungeon.
             The game lasted 00:12:23 (10851 turns).

Fang the Cleaver (Gargoyle Berserker)              Turns: 10851, Time: 00:12:24

Health: 0/64       AC: 11    Str: 25    XL:     10   Next: 11%
Magic:  0/10       EV: 20    Int:  7    God:    Trog [****..]
Gold:   337        SH:  0    Dex: 14    Spells: 9/9 levels left

rFire    . . .     SeeInvis .   a - +0 hand axe
rCold    . . .     Gourm    .   (no shield)
rNeg     + . .     Faith    .   b - +2 animal skin
rPois    ∞         Spirit   +   (no helmet)
rElec    +         Reflect  .   x - scarf {Spirit}
rCorr    .         Harm     .   (no gloves)
MR       .....                  (no boots)
Stlth    ++++......             y - amulet of rage
HPRegen  0.20/turn              (no ring)
MPRegen  0.12/turn              (no ring)

@: agile, berserk cooldown, slowed, very slow
A: negative energy resistance 1, electricity resistance, unbreathing,
petrification resistance, rot immunity, AC +7
a: Berserk, Trog's Hand, Brothers in Arms, Burn Spellbooks, Renounce Religion,
Evoke Berserk Rage


You were on level 8 of the Dungeon.
You worshipped Trog.
Trog was greatly pleased with you.
You were near starving.

You visited 1 branch of the dungeon, and saw 9 of its levels.

You collected 337 gold pieces.

Inventory:

Hand Weapons
 a - a +0 hand axe (weapon)
Missiles
 z - 7 steel javelins (quivered)
Armour
 b - a +2 animal skin (worn)
 r - a scarf of cloud immunity
 x - a scarf of spirit shield (worn)
Jewellery
 y - an amulet of rage (around neck)
Wands
 j - a wand of polymorph (25)
 o - a wand of disintegration (16)
 q - a wand of iceblast (15)
 A - a wand of acid (9)
Scrolls
 d - a scroll of teleportation
 l - 4 scrolls of remove curse
 m - a scroll of magic mapping
 p - a scroll of enchant armour
 u - 2 scrolls of fear
 w - a scroll of fog
Potions
 e - 2 potions of haste
 f - 3 potions of might {unknown}
 g - a potion of curing
 h - 2 potions of flight {unknown}
 i - 2 potions of cancellation
 k - a potion of agility
 s - a potion of invisibility {unknown}
 t - 2 potions of heal wounds {unknown}
 v - 3 potions of resistance {unknown}
 B - a potion of mutation {unknown}
Comestibles
 c - 11 rations


   Skills:
 + Level 7.9 Fighting
 + Level 9.4 Axes
 + Level 2.4 Armour
 + Level 6.0 Dodging
 + Level 4.2 Stealth


You had 9 spell levels left.
You didn't know any spells.

Dungeon Overview and Level Annotations

Branches:
Dungeon (9/15)             Temple (0/1) D:6            Lair (0/6) D:8
    Orc: D:9-12

Altars:
Gozag
Hepliaklqana
Zin

Shops:
D:4 [(=   D:8 :


Innate Abilities, Weirdness & Mutations

You are resistant to torment.
Your stone body is resilient. (AC +7)
You are immune to poison.
You resist negative energy. (rN+)
You are resistant to electric shocks. (rElec)
You can survive without breathing.
You are immune to petrification.
You are immune to rotting.


Message History

You are too injured to fight recklessly!
You are too injured to fight recklessly!
You are too injured to fight recklessly!
The orc warrior hits you but does no damage.
You climb upwards.
You feel a strong urge to attack something.
There is a stone staircase leading down here.
You are no longer berserk.
You pass out from exhaustion.
You feel yourself slow down.
The orc warrior hits you with a war axe!
* * * LOW HITPOINT WARNING * * *
You can move again.
It was a potion of agility.
You feel agile all of a sudden. The orc warrior misses you.
The orc warrior completely misses you.
You hit the orc warrior but do no damage.
The orc warrior is moderately wounded.
The orc warrior hits you with a war axe!
You die...

##'## #..#
#.#............# ##.#
##.###.#....#....####
.#.# ###[.##.#)[..#....#
.#.# #..)![....[..#....#
.#.# #.##..#.#....#....#
.#.# #.###'#.#....#....#
.#.# #...........##....#
.#.####
##.....o.....#####.#
.#....#
#......@>..........#
.#....#
#...........########
.#....####............##
......+................#
.#....######...........#
.#....#
#........_..#####
.#.####
#...............# .#.#
##'####.........# .#.#
#.# ##........#


You could see an orc warrior.

Vanquished Creatures
  Joseph (D:9)
  Psyche (D:8)
  A hippogriff (D:8)
  A spriggan (D:8)
  A hungry ghost (D:7)
  2 water moccasins
  3 orc warriors
  2 black bears (D:8)
  2 sky beasts
  4 ogres
  A bullfrog (D:7)
  A scorpion (D:7)
  4 jellies
  A howler monkey (D:5)
  A centaur zombie (D:6)
  A bullfrog zombie (D:8)
  2 hounds
  A centaur skeleton (D:8)
  5 orc priests
  7 orc wizards
  Jessica (D:2)
  An iguana (D:7)
  7 worker ants
  A killer bee zombie (D:8)
  2 hound zombies
  Robin (D:2)
  A howler monkey skeleton (D:3)
  4 gnolls (D:7)
  6 adders
  A shadow imp (D:8)
  An ooze (D:1)
  2 adder skeletons
  2 worms
  2 dart slugs (D:2)
  3 leopard geckos
  35 orcs
  7 bats
  7 giant cockroaches
  14 goblins
  13 hobgoblins
  20 jackals
  6 kobolds
  4 quokkas
  A ball python (D:2)
  7 frilled lizards
  A jackal skeleton (D:4)
  A quokka zombie (D:5)
  7 rats
200 creatures vanquished.

Notes
Turn   | Place    | Note
-------+----------+-------------------------------------------
     0 | D:1      | Fang the Gargoyle Berserker began the quest for the Orb.
     0 | D:1      | Reached XP level 1. HP: 14/14 MP: 1/1
    53 | D:1      | Reached XP level 2. HP: 16/19 MP: 2/2
    53 | D:1      | Reached skill level 3 in Axes
   346 | D:1      | Reached XP level 3. HP: 21/24 MP: 3/3
   756 | D:1      | Reached ** piety under Trog
   987 | D:2      | Noticed Robin
  1003 | D:2      | Reached XP level 4. HP: 19/29 MP: 4/4
  1004 | D:2      | Killed Robin
  1706 | D:2      | Noticed Jessica
  1716 | D:2      | Killed Jessica
  1716 | D:2      | Reached XP level 5. HP: 20/34 MP: 5/5
  2110 | D:2      | Reached skill level 4 in Axes
  2643 | D:3      | Found an opulent altar of Gozag.
  3086 | D:4      | Reached *** piety under Trog
  3335 | D:4      | Found Nyjaff's Jewellery Emporium.
  3435 | D:4      | Found Maweh's Antique Armour Emporium.
  3450 | D:4      | You fall through a shaft for 3 floors!
  3494 | D:7      | Reached XP level 6. HP: 23/39 MP: 6/6
  3698 | D:7      | Noticed a hungry ghost
  3718 | D:7      | Killed a hungry ghost
  3718 | D:7      | Reached skill level 5 in Axes
  3718 | D:7      | Reached skill level 1 in Stealth
  3835 | D:7      | Noticed an orc warrior
  3847 | D:7      | Killed an orc warrior
  3847 | D:7      | Reached skill level 5 in Fighting
  3847 | D:7      | Reached XP level 7. HP: 27/44 MP: 7/7
  4388 | D:6      | Reached skill level 6 in Axes
  4890 | D:5      | Entered Level 5 of the Dungeon
  5234 | D:4      | Found a glowing silver altar of Zin.
  5323 | D:4      | Found Pimm's Weapon Shoppe.
  5621 | D:4      | Reached XP level 8. HP: 35/50 MP: 4/8
  5898 | D:5      | Reached **** piety under Trog
  5898 | D:5      | Reached skill level 7 in Axes
  6615 | D:6      | Found a staircase to the Ecumenical Temple.
  7332 | D:7      | Reached XP level 9. HP: 40/55 MP: 6/9
  7613 | D:7      | Reached skill level 8 in Axes
  7889 | D:8      | Found Jotoxus's Book Shop.
  9972 | D:8      | Noticed Psyche
  9986 | D:8      | Killed Psyche
  9986 | D:8      | Reached skill level 5 in Dodging
 10166 | D:8      | Received a gift from Trog
 10171 | D:8      | Reached skill level 9 in Axes
 10172 | D:8      | Found a staircase to the Lair.
 10270 | D:8      | Found a hazy altar of Hepliaklqana.
 10600 | D:8      | Reached XP level 10. HP: 42/64 MP: 6/10
 10828 | D:9      | Noticed Joseph
 10842 | D:9      | Noticed a cyclops
 10845 | D:9      | Killed Joseph
 10851 | D:8      | Slain by an orc warrior

Skill      XL: |  1  2  3  4  5  6  7  8  9 10 |
---------------+-------------------------------+-----
Axes           | 3 4 5 6 7 9 |  9.4
Fighting       | 4 5 6 7 |  7.9
Dodging        | 2 3 4 5 6 |  6.0
Stealth        | 1 2 3 4 |  4.2
Armour         | |  2.4

Action                   |  1- 3 |  4- 6 |  7- 9 | 10-12 || total
-------------------------+-------+-------+-------+-------++-------
Melee: Hand axe          |   112 |   206 |   481 |    16 ||   815
Invok: Berserk           |     1 |     3 |    10 |     1 ||    15
  Use: Potion            |       |       |     1 |     1 ||     2
       Scroll            |       |       |    14 |       ||    14
 Stab: Sleeping          |       |     1 |     8 |       ||     9
       Distracted        |       |       |     1 |       ||     1
  Eat: Chunk             |       |    11 |    21 |     1 ||    33
       Ration            |       |     2 |     3 |       ||     5
Armor: Animal skin       |    49 |    65 |   223 |     3 ||   340
Dodge: Dodged            |   100 |   134 |   320 |     5 ||   559
